 Dungeon Crawl Stone Soup version 0.26-a0-812-g31a745ddcd (webtiles) character file.

Game seed: 17661976184460508011

83998 Flubbersnuff the Severer (level 15, -10/143 HPs)
             Began as a Minotaur Berserker on Dec 5, 2020.
             Was the Champion of Trog.
             Mangled by an orc warrior
             ... wielding a +0 glaive
              (27 damage)
             ... while paralysed by an orc sorcerer
             ... on level 2 of the Orcish Mines on Dec 6, 2020.
             The game lasted 01:54:17 (31449 turns).

Flubbersnuff the Severer (Minotaur Berserker)      Turns: 31449, Time: 01:54:20

Health: -10/143    AC: 20    Str: 28    XL:     15   Next: 33%
Magic:  14/14      EV:  2    Int:  4    God:    Trog [******]
Gold:   1788       SH:  0    Dex: 10    Spells: 14/14 levels left

rFire    + + .     SeeInvis +   b - +7 battleaxe (vorpal)
rCold    . . .     Faith    .   (shield currently unavailable)
rNeg     + . .     Spirit   .   L - +3 scale mail {rF+}
rPois    .         Reflect  +   (helmet restricted)
rElec    .         Harm     .   E - +0 cloak {rCorr}
rCorr    +         Rampage  .   k - +0 pair of gloves
MR       +....                  (no boots)
Stlth    ..........             i - amulet of reflection
HPRegen  0.33/turn              g - ring "Ynnamo" {rF+ rN+ SInv}
MPRegen  0.14/turn              y - +4 ring of protection

@: paralysed, lethally poisoned (-10 -> -17)
A: retaliatory headbutt, horns 2
a: Berserk, Trog's Hand, Brothers in Arms, Renounce Religion


You were on level 2 of the Orcish Mines.
You worshipped Trog.
Trog was exalted by your worship.
You visited 5 branches of the dungeon, and saw 23 of its levels.
You also visited: Ice Cave and Volcano.

You collected 1960 gold pieces.
You spent 172 gold pieces at shops.

Inventory:

Hand Weapons
 a - a +5 hand axe of flaming
 b - a +7 vorpal battleaxe (weapon)
 N - a +0 vorpal executioner's axe
Armour
 k - a +0 pair of gloves (worn)
 v - a +1 chain mail of cold resistance
 E - a +0 cloak of preservation (worn)
 L - a +3 scale mail of fire resistance (worn)
Jewellery
 g - the ring "Ynnamo" (left hand) {rF+ rN+ SInv}
   (You found it on level 4 of the Dungeon)

   [ring of positive energy]

   It protects you from fire.
   It protects you from negative energy.
   It lets you see invisible.
 h - an uncursed amulet of the acrobat
 i - an amulet of reflection (around neck)
 p - an uncursed ring of flight
 y - a +4 ring of protection (right hand)
 J - an uncursed ring of protection from cold
 R - an uncursed amulet of regeneration
Wands
 e - a wand of disintegration (21)
 n - a wand of paralysis (9)
 D - a wand of acid (20)
 K - a wand of iceblast (59)
 M - a wand of enslavement (9)
 O - a wand of flame (12)
 P - a wand of polymorph (11)
Scrolls
 c - a scroll of holy word
 d - 2 scrolls of identify
 l - 4 scrolls of blinking
 s - 6 scrolls of enchant armour
 t - 12 scrolls of remove curse
 w - a scroll of enchant weapon
 x - a scroll of magic mapping
 z - 9 scrolls of teleportation
 B - 4 scrolls of fog
 F - 2 scrolls of fear
 Q - a scroll of silence
Potions
 f - 10 potions of ambrosia
 j - 5 potions of curing
 m - 3 potions of lignification
 o - 4 potions of flight
 q - 3 potions of invisibility
 r - 5 potions of heal wounds
 u - 2 potions of berserk rage {unknown}
 A - a potion of brilliance {unknown}
 C - 2 potions of resistance
 G - 3 potions of might {unknown}
 H - a potion of haste
 I - a potion of magic
 S - a potion of cancellation {unknown}


   Skills:
 + Level 15.8 Fighting
 * Level 17.2 Axes
 + Level 15.5 Armour
 + Level 14.5 Dodging


You had 14 spell levels left.
You didn't know any spells.
Your spell library was empty.

Dungeon Overview and Level Annotations

Branches:
Dungeon (13/15)            Temple (1/1) D:6            Lair (6/6) D:9
  Swamp (1/4) Lair:3       Spider (0/4) Lair:4        Slime (0/5) Lair:5
    Orc (2/2) D:12          IceCv (visited)         Volcano (visited)
    Elf: Orc:2       Vaults: D:13-14

Altars:
Ashenzari
Cheibriados
Dithmenos
Elyvilon
Fedhas
Gozag
Hepliaklqana
Kikubaaqudgha
Makhleb
Nemelex Xobeh
Okawaru
Qazlal
Ru
Sif Muna
Trog
Uskayaw
Vehumet
Wu Jian
Xom
Yredelemnul
Zin
The Shining One
Beogh
Jiyva

Shops:
D:6 *   D:12 :

Annotations:
D:5 Stash
Swamp:1 Aizul


Innate Abilities, Weirdness & Mutations

You reflexively headbutt those who attack you in melee.
You have a pair of horns on your head.


Message History

You feel sick.
The orc knight roars a battlecry!
The orc warrior hits you but does no damage.
The orc warrior hits you with a +0 long sword.
The orc knight roars a battlecry!
The orc knight goes into a battle-frenzy!
The orc knight hits you from afar with a +1 halberd of venom!!
* * * LOW HITPOINT WARNING * * *
The orc priest invokes the aid of Beogh against you.
Beogh smites you!
* * * LOW HITPOINT WARNING * * *
The orc sorcerer hits you but does no damage.
You feel sick.
An orc warrior comes into view. It is wielding a -2 trident.
An orc warrior comes into view. It is wielding a +0 scimitar.
The orc warrior hits you with a +0 battleaxe.
* * * LOW HITPOINT WARNING * * *
The orc warrior hits you but does no damage.
The orc warrior hits you from afar with a +0 glaive!!
You die...

.......
..$...#....#...
.......
.............o..
.......
............ooo.
.......
............ooo.
.......
#..#......o.o..
.#.....
........o.oo...
#.##.ooo#
##.ooo..#
#...@oo.#
#...o...#
#...#..###
##...##. ##.# ..
## ..# ..# .##


You could see 3 orc knights, an orc high priest (strong), 2 orc sorcerers, 6 orc
warriors, 6 orc priests, an orc wizard (strong) and 2 orcs.

Vanquished Creatures
  Gastronok (D:10)
  A fire giant (D:9)
  A minotaur (Lair:1)
  The ghost of Cias the Blocker, a journeyman GnFi of Uskayaw (Lair:1)
  A fire dragon (Lair:6)
  An ogre mage (Volcano)
  A boulder beetle (D:12)
  Fannar (D:10)
  8 hydras
  2 catoblepae
  5 two-headed ogres
  9 death yaks
  A death knight (D:11)
  Urug (Lair:3)
  A hell knight (Volcano)
  A skeletal warrior (D:11)
  A deep troll (D:9)
  4 unseen horrors
  3 lindwurms
  A necromancer (IceCv)
  4 oklob plants (Lair:3)
  2 orc sorcerers (Orc:1)
  A cyclops (D:12)
  15 elephants
  An ice statue (IceCv)
  10 black mambas
  4 molten gargoyles
  10 cane toads
  16 komodo dragons
  2 ice devils (Lair:2)
  11 freezing wraiths
  2 rime drakes
  3 trolls
  A polar bear (Lair:6)
  A queen bee (D:9)
  Grinder (D:6)
  4 blink frogs (Lair:4)
  2 hornets
  4 slime creatures (D:12)
  A redback (Lair:4)
  2 vampires (D:11)
  10 wyverns
  8 basilisks
  63 yaks
  A fire bat (Volcano)
  4 wraiths
  3 steam dragons
  A death yak simulacrum (IceCv)
  17 water moccasins
  4 hell hounds (Lair:6)
  12 ice beasts
  A sky beast (D:9)
  11 orc warriors
  An alligator simulacrum (IceCv)
  A black bear (Lair:1)
  An eye of draining (D:12)
  16 ogres
  2 phantoms
  27 wolves
  8 centaurs
  A big kobold (D:12)
  18 bullfrogs
  22 killer bees
  A scorpion (D:4)
  15 wights
  5 howler monkeys
  A quasit (D:9)
  3 draconian simulacra (IceCv)
  6 hounds
  15 lava snakes
  15 orc priests
  A bullfrog zombie (D:8)
  Crazy Yiuf (D:4)
  3 jellies
  20 orc wizards
  A centaur skeleton (D:4)
  A gnoll shaman (D:7)
  An iguana (D:3)
  A polar bear simulacrum (IceCv)
  10 worker ants
  A spriggan simulacrum (IceCv)
  6 troll simulacra (IceCv)
  A wolf simulacrum (IceCv)
  3 centaur simulacra (IceCv)
  A hound zombie (D:7)
  2 hound skeletons
  A howler monkey zombie (D:7)
  2 worker ant zombies
  13 adders
  11 gnolls
  4 ogre simulacra (IceCv)
  3 naga simulacra (IceCv)
  A shadow imp (D:8)
  17 white imps
  2 ufetubi (D:5)
  An ooze (D:4)
  An adder skeleton (D:9)
  A worm (D:4)
  3 dart slugs
  7 leopard geckos
  57 orcs
  3 ball pythons
  8 giant cockroaches
  6 goblins
  9 hobgoblins
  9 jackals
  3 quokkas
  11 bats
  6 frilled lizards
  A jackal skeleton (D:4)
  10 kobolds
  9 rats
687 creatures vanquished.

Vanquished Creatures (others)
  42 fungi
  98 plants
140 creatures vanquished.

Grand Total: 827 creatures vanquished

Notes
Turn   | Place    | Note
-------+----------+-------------------------------------------
     0 | D:1      | Flubbersnuff the Minotaur Berserker began the quest for the
                  | Orb.
     0 | D:1      | Reached XP level 1. HP: 19/19 MP: 0/0
   191 | D:1      | Reached XP level 2. HP: 22/27 MP: 1/1
   397 | D:1      | Reached skill level 4 in Axes
   583 | D:1      | Reached XP level 3. HP: 33/33 MP: 2/2
   627 | D:1      | Reached ** piety under Trog
  1086 | D:2      | Reached XP level 4. HP: 20/40 MP: 3/3
  1991 | D:3      | Reached XP level 5. HP: 38/47 MP: 4/4
  2092 | D:3      | Paralysed by a gnoll for 2 turns
  2097 | D:3      | Paralysed by a gnoll for 5 turns
  2494 | D:3      | Reached skill level 5 in Fighting
  2789 | D:3      | Reached skill level 5 in Axes
  2790 | D:3      | Reached *** piety under Trog
  3049 | D:3      | Found a white marble altar of Elyvilon.
  3135 | D:3      | Reached XP level 6. HP: 56/56 MP: 5/5
  3375 | D:4      | Got a wavering marble ring
  3888 | D:4      | Found a runed translucent door.
  3889 | D:4      | Noticed Crazy Yiuf
  4368 | D:4      | Noticed an orc warrior
  4634 | D:4      | Killed an orc warrior
  4634 | D:4      | Reached skill level 5 in Armour
  4634 | D:4      | Reached XP level 7. HP: 26/62 MP: 6/6
  4902 | D:4      | Reached skill level 6 in Axes
  4970 | D:4      | Reached skill level 5 in Dodging
  5012 | D:4      | You fall into a shaft and drop 2 floors!
  5055 | D:5      | Entered Level 5 of the Dungeon
  5083 | D:5      | Reached XP level 8. HP: 62/71 MP: 7/7
  5512 | D:4      | Killed Crazy Yiuf
  5807 | D:5      | Reached **** piety under Trog
  6133 | D:6      | Noticed Grinder
  6133 | D:6      | Paralysed by Grinder for 6 turns
  6146 | D:6      | Killed Grinder
  6146 | D:6      | Reached skill level 7 in Axes
  6329 | D:6      | Found Wesam's Assorted Antiques.
  6341 | D:6      | Bought a glowing cloak for 172 gold pieces
  6357 | D:6      | Found a staircase to the Ecumenical Temple.
  6429 | Temple   | Entered the Ecumenical Temple
  6669 | D:6      | Found a shimmering blue altar of Sif Muna.
  6838 | D:6      | Identified Sif Muna's Compendium of Evil Rituals
  6849 | D:6      | Identified the ring "Ynnamo" {rF+ rN+ SInv} (You found it
                  | on level 4 of the Dungeon)
  7263 | D:7      | Reached XP level 9. HP: 78/81 MP: 8/8
  7264 | D:7      | Reached skill level 8 in Axes
  7280 | D:7      | Got a fine battleaxe
  7280 | D:7      | Identified the +8 battleaxe of Fugozace {pain, Int+4} (You
                  | found it on level 7 of the Dungeon)
  7619 | D:7      | Found a stormy altar of Qazlal.
  7735 | D:7      | Reached ***** piety under Trog
  9190 | D:8      | Reached skill level 9 in Axes
  9964 | D:9      | Reached XP level 10. HP: 83/91 MP: 9/9
 10580 | D:9      | Found an opulent altar of Gozag.
 10580 | D:9      | Found a white marble altar of Elyvilon.
 10581 | D:9      | Noticed a catoblepas
 10610 | D:9      | Killed a catoblepas
 10958 | D:9      | Noticed a deep troll
 10962 | D:9      | Noticed a fire giant
 11124 | D:9      | Killed a fire giant
 11124 | D:9      | Reached skill level 10 in Fighting
 11124 | D:9      | Reached skill level 10 in Axes
 11124 | D:9      | Reached skill level 10 in Armour
 11245 | D:9      | Killed a deep troll
 11385 | D:9      | Found a staircase to the Lair.
 11877 | D:9      | Reached XP level 11. HP: 101/101 MP: 10/10
 11899 | D:9      | Received a gift from Trog
 12154 | Lair:1   | Entered Level 1 of the Lair of Beasts
 12197 | Lair:1   | Reached skill level 11 in Axes
 12258 | Lair:1   | Reached skill level 10 in Dodging
 12395 | Lair:1   | Noticed a six-headed hydra
 12409 | Lair:1   | Killed a one-headed hydra
 12856 | Lair:1   | Found a runed translucent gate.
 12856 | Lair:1   | Found a runed translucent gate.
 12856 | Lair:1   | Found a runed translucent gate.
 12857 | Lair:1   | Noticed a minotaur
 12858 | Lair:1   | Noticed Cias's ghost (journeyman GnFi)
 13037 | Lair:1   | Noticed an eight-headed hydra
 13053 | Lair:1   | Killed a five-headed hydra
 13091 | Lair:1   | Noticed a five-headed hydra
 13096 | Lair:1   | Killed a one-headed hydra
 13912 | Lair:2   | Noticed a six-headed hydra
 13922 | Lair:2   | Killed a one-headed hydra
 13922 | Lair:2   | Reached skill level 12 in Axes
 13934 | Lair:2   | Reached XP level 12. HP: 101/112 MP: 11/11
 13982 | Lair:2   | Found a frozen archway.
 14001 | IceCv    | Entered an ice cave
 14927 | IceCv    | Found an ancient bone altar of Kikubaaqudgha.
 14956 | IceCv    | Reached ****** piety under Trog
 15508 | IceCv    | Received a gift from Trog
 15808 | Lair:2   | Reached skill level 13 in Axes
 16528 | Lair:3   | Found a dark tunnel.
 16537 | Volcano  | Entered a volcano
 17256 | Volcano  | Found a burning altar of Makhleb.
 17256 | Volcano  | Noticed a two-headed ogre
 17256 | Volcano  | Noticed a two-headed ogre
 17256 | Volcano  | Noticed an ogre mage
 17256 | Volcano  | Noticed a two-headed ogre
 17258 | Volcano  | Killed a two-headed ogre
 17262 | Volcano  | Killed a two-headed ogre
 17264 | Volcano  | Killed a two-headed ogre
 17264 | Volcano  | Reached XP level 13. HP: 110/122 MP: 12/12
 19151 | Lair:3   | Got a bone hand axe
 19151 | Lair:3   | Identified the +6 hand axe "Lofo Buth" {vorpal, Fragile
                  | Int+4 Stlth+} (You found it on level 3 of the Lair of
                  | Beasts)
 19246 | Lair:3   | Found a staircase to the Swamp.
 19454 | Lair:3   | Noticed Urug
 19467 | Lair:3   | Killed Urug
 19989 | Swamp:1  | Entered Level 1 of the Swamp
 19989 | Swamp:1  | Noticed Aizul
 20028 | Lair:4   | Received a gift from Trog
 20028 | Lair:4   | Reached skill level 14 in Axes
 20654 | Lair:4   | Found a hole to the Spider Nest.
 21546 | Lair:4   | Reached XP level 14. HP: 133/133 MP: 13/13
 21820 | Lair:5   | Found a staircase to the Slime Pits.
 21820 | Lair:5   | Found a viscous altar of Jiyva.
 21830 | Lair:5   | Reached skill level 15 in Axes
 22560 | Lair:5   | Received a gift from Trog
 23200 | Lair:6   | Entered Level 6 of the Lair of Beasts
 23417 | Lair:6   | Reached skill level 15 in Fighting
 23654 | Lair:6   | Found a large runed translucent door.
 23735 | Lair:6   | Found a large runed translucent door.
 23754 | Lair:6   | Reached skill level 16 in Axes
 24689 | Lair:6   | Reached skill level 15 in Armour
 24740 | Lair:6   | Received a gift from Trog
 25416 | Lair:1   | Killed Cias's ghost
 25708 | D:10     | Entered Level 10 of the Dungeon
 26480 | D:10     | Noticed Gastronok
 26502 | D:10     | Killed Gastronok
 26780 | D:10     | Noticed Fannar
 26792 | D:10     | Killed Fannar
 27798 | D:10     | Reached XP level 15. HP: 141/141 MP: 14/14
 29568 | D:12     | Found Xoavia's Book Boutique.
 29592 | D:12     | Received a gift from Trog
 29722 | D:12     | Found a staircase to the Orcish Mines.
 29731 | D:12     | Found a roughly hewn altar of Beogh.
 29920 | D:12     | Reached skill level 17 in Axes
 30701 | Orc:1    | Entered Level 1 of the Orcish Mines
 31235 | Orc:2    | Entered Level 2 of the Orcish Mines
 31322 | Orc:1    | Received a gift from Trog
 31447 | Orc:2    | Paralysed by an orc sorcerer for 5 turns
 31449 | Orc:2    | Mangled by an orc warrior

Illustrated notes

Levels and vault maps discovered:
D:1:      mrwooster_arrival_statue_2, layout_rooms
D:2:      layout_basic
D:3:      layout_loops_ring, minmay_misc_feat_doors, elyvilon_altar_3
D:4:      layout_layer_cave, uniq_crazy_yiuf_cottage
D:5:      layout_rooms, due_unseen_surprise
D:6:      layout_loops_ring, led_sif_book, minmay_temple_entry_offerings,
          serial_shops, shop, grunt_decor_mini_mirrors,
          kennysheep_generic_room_5, uniq_grinder
D:7:      layout_basic, chequers_serial_rivers_micro_c, grunt_qazlal_sundering
D:8:      layout_gridville
D:9:      layout_layer_cave, david_lair_shrubbed, special_room
          [special_room_bee], jmf_multi_god_temple
D:10:     layout_grid_maze, uniq_gastronok, uniq_fannar
D:11:     layout_roguey
D:12:     layout_loops_cross, minmay_orc_entry_temple_small, serial_shops, shop,
          serial_aquarium, aquarium_bridge_square [aquarium_subvault_wall,
          aquarium_subvault_balcony, aquarium_subvault_window,
          aquarium_subvault_bridge], aquarium_bridge_straight
          [aquarium_subvault_bridge, aquarium_subvault_wall,
          aquarium_subvault_bridge, aquarium_subvault_window],
          aquarium_window_2, aquarium_window_3, aquarium_window_1,
          aquarium_window_double, aquarium_view_2d, aquarium_pool_2
D:13:     layout_rooms, grunt_vaults_entry_tiered, serial_shops, shop,
          uniq_frances
Temple:   compressed_dpeg_circular_temple
Lair:1:   layout_regular_city, maelrawn_ghost_gauntlet_escape
Lair:2:   layout_chaotic_city, portal_ice_cave_demonic_guard
Lair:3:   layout_loops_ring, swamp_mist, nicolae_volcano_entry_vermiform,
          minmay_lair_oklob_chamber, uniq_urug
Lair:4:   layout_loops_ring, spider_nest_entry_webs, beast_lair_carwin_9,
          serial_bayou_shore_b, infiniplex_staircase_pool
Lair:5:   layout_cave_shapes, slime_altar_1, serial_forest,
          infiniplex_forest_clump_small, infiniplex_forest_clump_diagonal,
          infiniplex_forest_fountain, infiniplex_forest_straight_2,
          infiniplex_forest_straight_3, infiniplex_forest_clump_small,
          infiniplex_forest_lined_corner
Lair:6:   cheibrodos_lair_end_hotspot, layout_gridlike
Swamp:1:  layout_basic_swamp, evilmike_swamp_ruin_rubble_1, swamp_pool1,
          st_swamp_ruins_1, uniq_aizul
Orc:1:    layout_caves
Orc:2:    st_orc_congregation, layout_caves

Skill      XL: |  1  2  3  4  5  6  7  8  9 10 11 12 13 14 15 |
---------------+----------------------------------------------+-----
Fighting       | 4 5 6 8 9 10 12 13 14 15 | 15.8
Axes           | 4 5 6 7 9 10 12 13 14 16 17 | 17.2
Armour         | 3 4 5 6 7 9 10 11 13 14 15 | 15.5
Dodging        | 3 4 5 6 8 9 10 12 13 14 | 14.5

Action                   |  1- 3 |  4- 6 |  7- 9 | 10-12 | 13-15 || total
-------------------------+-------+-------+-------+-------+-------++-------
Melee: Hand axe          |    67 |   161 |   240 |   249 |    23 ||   740
       Headbutt          |    10 |    22 |    44 |   150 |   167 ||   393
       Battleaxe         |       |       |       |   274 |   748 ||  1022
Invok: Berserk           |     2 |     4 |     2 |     8 |     6 ||    22
 Abil: Stop Flying       |       |       |     1 |       |       ||     1
       Evoke Flight      |       |       |     1 |       |       ||     1
Evoke: Wand              |       |       |     2 |       |    14 ||    16
  Use: Scroll            |       |    15 |     7 |     3 |     6 ||    31
       Potion            |       |     1 |       |       |     1 ||     2
 Stab: Petrified         |       |       |       |       |     1 ||     1
Armor: Animal skin       |     5 |       |       |       |       ||     5
       Scale mail        |    10 |    22 |       |       |   104 ||   136
       Chain mail        |       |    26 |    77 |   211 |   174 ||   488
Dodge: Dodged            |    51 |   111 |   155 |   285 |   408 ||  1010
Block: Other             |       |       |       |       |   128 ||   128
       Reflection        |       |       |       |       |     5 ||     5

Table legend: (Time is in decaauts)
 A = Elapsed time spent in this place.
 B = Non-inter-level travel time spent in this place.
 C = Inter-level travel time spent in this place.
 D = Time resting spent in this place.
 E = Time spent auto-exploring this place.
 F = Levels seen in this place.
 G = Mean time per level.
                   A        B        C        D        E       F      G
               +--------+--------+--------+--------+--------+-----+--------+
         Total |  31622 |  29523 |   2099 |  11808 |  11323 |  25 | 1264.9 |
       Dungeon |  17186 |  15773 |   1413 |   5147 |   7492 |  13 | 1322.0 |
        Temple |     84 |     76 |      8 |      0 |     75 |   1 |   84.0 |
          Lair |  10652 |  10013 |    639 |   4353 |   3486 |   6 | 1775.3 |
         Swamp |      1 |      1 |      0 |      0 |      0 |   1 |    1.0 |
  Orcish Mines |    741 |    703 |     38 |    283 |    256 |   2 |  370.5 |
      Ice Cave |   1689 |   1689 |      0 |   1176 |     13 |   1 | 1689.0 |
       Volcano |   1266 |   1266 |      0 |    848 |      0 |   1 | 1266.0 |
               +--------+--------+--------+--------+--------+-----+--------+

Top non-repeatable levels by time:
     D:9: 3107 daAuts
  Lair:3: 2541 daAuts
  Lair:1: 2061 daAuts
     D:4: 1963 daAuts
  Lair:6: 1849 daAuts
    D:10: 1795 daAuts
  Lair:4: 1733 daAuts
   IceCv: 1689 daAuts
  Lair:5: 1472 daAuts
     D:3: 1410 daAuts
    D:12: 1381 daAuts
     D:2: 1329 daAuts
 Volcano: 1266 daAuts
     D:7: 1251 daAuts
     D:6: 1104 daAuts
